 Dungeon Crawl Stone Soup version 0.27-a0-401-gea03ee85fd (webtiles) character file.

Game seed: 6786136069008606262

3031 racehazard the Grappler (level 9, -6/85 HPs)
             Began as a Troll Fighter on Feb 21, 2021.
             Mangled by an orc warrior
             ... wielding a +0 trident
              (17 damage)
             ... on level 11 of the Dungeon.
             The game lasted 00:18:13 (7598 turns).

racehazard the Grappler (Troll Fighter)             Turns: 7598, Time: 00:18:14

Health: -6/85      AC:  4    Str: 29    XL:     9   Next: 56%
Magic:  8/8        EV: 10    Int:  4    God:
Gold:   447        SH:  0    Dex:  9    Spells: 8/8 levels left

rFire    . . .     SeeInvis .   F - +3 long sword (freeze)
rCold    . . .     Faith    .   b - +0 kite shield
rNeg     + . .     Spirit   .   a - +0 robe
rPois    .         Reflect  .   (helmet restricted)
rElec    .         Harm     .   (no cloak)
rCorr    .         Rampage  .   (gloves unavailable)
Will     .....                  (boots unavailable)
Stlth    +.........             (no amulet)
HPRegen  1.24/turn              l - ring of positive energy
MPRegen  0.11/turn              (no ring)

@: confused
A: large, unfitting armour, claws 3, regeneration 1, shaggy fur 1, tough skin 1
a: no special abilities


You were on level 11 of the Dungeon.
You visited 1 branch of the dungeon, and saw 9 of its levels.

You collected 447 gold pieces.

Inventory:

Hand Weapons
 m - a +1 short sword of draining
 E - a +3 hand axe
 F - a +3 long sword of freezing (weapon)
Armour
 a - a +0 robe (worn)
 b - a +0 kite shield (worn)
 B - +0 steam dragon scales
Jewellery
 l - a ring of positive energy (left claw)
 v - a ring of wizardry {unknown}
 y - an amulet of regeneration {unknown}
 A - a ring of poison resistance {unknown}
 C - a +4 ring of evasion {unknown}
 I - a +6 ring of strength {unknown}
Wands
 h - a wand of iceblast (10)
 o - a wand of digging (3)
Scrolls
 f - 2 scrolls of random uselessness {unknown}
 i - 9 scrolls of identify {unknown}
 j - 4 scrolls of enchant weapon {unknown}
 k - 4 scrolls of amnesia {unknown}
 p - 3 scrolls of enchant armour {unknown}
 q - a scroll of fog {unknown}
 r - 2 scrolls of fear {unknown}
 s - 3 scrolls of teleportation {unknown}
 D - a scroll of immolation {unknown}
 H - a scroll of holy word {unknown}
Potions
 c - 2 potions of might
 d - a potion of brilliance {unknown}
 e - 2 potions of mutation {unknown}
 g - 4 potions of flight {unknown}
 n - a potion of invisibility {unknown}
 t - 6 potions of curing {unknown}
 u - 2 potions of berserk rage {unknown}
 w - 2 potions of resistance {unknown}
 x - a potion of lignification {unknown}
 z - a potion of magic {unknown}
 G - a potion of attraction {unknown}


   Skills:
 + Level 4.5 Fighting
 + Level 2.9 Long Blades
 + Level 5.7 Dodging
 + Level 1.2 Stealth
 + Level 5.4 Shields
 + Level 8.2 Unarmed Combat


You had 8 spell levels left.
You didn't know any spells.
Your spell library contained the following spells:

 Spells                   Type           Power        Failure   Level
 Sublimation of Blood     Necr           0%           88%         2
 Confusing Touch          Hex            0%           98%         3
 Gell's Gravitas          Tloc           0%           98%         3
 Ignite Poison            Fire/Tmut/Pois 0%           98%         3
 Petrify                  Tmut/Erth      0%           100%        4
 Alistair's Intoxication  Tmut/Pois      0%           100%        5
 Irradiate                Conj/Tmut      0%           100%        5
 Metabolic Englaciation   Hex/Ice        0%           100%        5
 Yara's Violent Unravell  Hex/Tmut       0%           100%        5
 Eringya's Noxious Bog    Tmut/Pois      0%           100%        6


Dungeon Overview and Level Annotations

Branches:
Dungeon (8/15)             Temple (0/1) D:7
   Lair: D:8-11

Altars:
Cheibriados
Dithmenos
Gozag
Hepliaklqana
Makhleb
Okawaru
Sif Muna
Vehumet
Wu Jian
Xom
Zin
The Shining One

Shops:
D:8 *

Annotations:
D:5 2 transporters, Inkie's ghost, novice DsGl


Innate Abilities, Weirdness & Mutations

You are too large for most types of armour.
You have claws for hands.
Your natural rate of healing is unusually fast.
You are covered in fur. (AC +1)
You have tough skin. (AC +1)


Message History

The orc wizard hits you with a +0 dagger.
Your shield prevents you from hitting the orc wizard.
The orc wizard points at you and mumbles some strange words.
You are confused.
The orc hits you with a +0 dagger.
The orc warrior hits you with a +0 trident!
You hear a shout!
You miss the orc wizard.
You hear an angry hiss.
A centaur comes into view.
An adder comes into view.
The orc wizard casts a spell at itself.
The orc wizard flickers and vanishes!
Deactivating autopickup; reactivate with Ctrl-A.
The orc barely misses you.
The orc warrior hits you with a +0 trident!
Something hits you but does no damage. The orc barely misses you.
The adder hisses angrily.
You hit something. You freeze something. The orc warrior closely misses you.
The centaur hits you.
An ice beast comes into view.
Something hits you. The orc barely misses you.
The orc warrior closely misses you.
You hit the orc but do no damage.
The centaur hits you but does no damage.
Something hits you. The orc misses you. The centaur hits you.
The orc warrior hits you with a +0 trident.
You miss the orc warrior. The centaur hits you.
The adder bites you but does no damage. Something hits you but does no damage.
The orc hits you with a +0 dagger. The centaur closely misses you.
The orc warrior hits you with a +0 trident!
* * * LOW HITPOINT WARNING * * *
The adder bites you but does no damage. The orc misses you. Something hits you.
* * * LOW HITPOINT WARNING * * *
The vampire points at itself and mumbles some strange words.
The vampire flickers and vanishes!
You barely miss the centaur. The centaur hits you.
* * * LOW HITPOINT WARNING * * *
The adder barely misses you.
The orc warrior hits you with a +0 trident!
You die...

......
..... .)..
... .. #Y##
#Sc#
######@####
#....o{o..#
#.....o{..#
#.........+
#.........#
#.........#
#.........#
#......?..#
#.........#


You could see an orc warrior, an ice beast, a centaur, an adder and 2 orcs.

Vanquished Creatures
  Sigmund (D:4)
  Grum (D:8)
  2 steam dragons (D:7)
  A water moccasin (D:7)
  2 sky beasts (D:7)
  A black bear (D:7)
  3 ogres
  2 wolves (D:8)
  2 phantoms
  2 kobold brigands
  Blork the orc (D:4)
  3 bullfrogs
  A scorpion (D:7)
  4 wights (D:7)
  A centaur zombie (D:8)
  A hound (D:7)
  4 orc priests
  2 bullfrog skeletons
  An iguana (D:4)
  7 orc wizards
  7 worker ants
  A hound zombie (D:6)
  4 hound skeletons
  Robin (D:3)
  8 adders
  3 gnolls (D:7)
  A white imp (D:6)
  An ufetubus (D:6)
  3 oozes
  An adder zombie (D:7)
  2 worms
  6 leopard geckos
  27 orcs
  7 bats
  3 giant cockroaches (D:2)
  13 goblins
  10 hobgoblins
  4 jackals (D:2)
  19 kobolds
  2 quokkas (D:7)
  2 ball pythons
  2 frilled lizards
  A quokka skeleton (D:6)
  6 rats
176 creatures vanquished.

Notes
Turn   | Place    | Note
-------+----------+-------------------------------------------
     0 | D:1      | racehazard the Troll Fighter began the quest for the Orb.
     0 | D:1      | Reached XP level 1. HP: 22/22 MP: 0/0
   183 | D:1      | Reached XP level 2. HP: 29/29 MP: 1/1
  1225 | D:2      | Reached XP level 3. HP: 36/36 MP: 2/2
  1238 | D:2      | Found a radiant altar of Vehumet.
  1320 | D:2      | Found a shadowy altar of Dithmenos.
  1788 | D:2      | Reached XP level 4. HP: 44/44 MP: 3/3
  1876 | D:2      | Found a shimmering altar of Xom.
  2515 | D:3      | Reached skill level 3 in Unarmed Combat
  2661 | D:3      | Reached XP level 5. HP: 46/49 MP: 4/4
  2928 | D:3      | Noticed Robin
  2957 | D:3      | Killed Robin
  3146 | D:4      | Noticed an ogre
  3151 | D:4      | Killed an ogre
  3152 | D:4      | Reached skill level 4 in Unarmed Combat
  3154 | D:4      | Reached XP level 6. HP: 54/59 MP: 5/5
  3206 | D:4      | Noticed Blork the orc
  3218 | D:4      | Killed Blork the orc
  3316 | D:4      | Noticed Sigmund
  3327 | D:4      | Killed Sigmund
  3328 | D:4      | Reached skill level 5 in Unarmed Combat
  3328 | D:4      | Reached XP level 7. HP: 66/67 MP: 6/6
  3953 | D:5      | Entered Level 5 of the Dungeon
  4056 | D:5      | Reached skill level 6 in Unarmed Combat
  4210 | D:5      | Reached XP level 8. HP: 74/75 MP: 7/7
  4234 | D:5      | Reached skill level 1 in Stealth
  4411 | D:5      | Found a transporter.
  4413 | D:5      | Found a transporter.
  4413 | D:5      | Noticed Inkie's ghost (novice DsGl)
  4917 | D:6      | Reached skill level 7 in Unarmed Combat
  5000 | D:6      | Found a burning altar of Makhleb.
  5527 | D:7      | Found an ornate altar of the Wu Jian Council.
  5535 | D:7      | Found a glowing silver altar of Zin.
  5535 | D:7      | Found a shimmering blue altar of Sif Muna.
  5537 | D:7      | Found a glowing golden altar of the Shining One.
  5542 | D:7      | Found an opulent altar of Gozag.
  5584 | D:7      | Reached skill level 5 in Dodging
  5718 | D:7      | Reached XP level 9. HP: 81/84 MP: 8/8
  5803 | D:7      | Found a staircase to the Ecumenical Temple.
  5825 | D:7      | Reached skill level 8 in Unarmed Combat
  5834 | D:7      | Reached skill level 5 in Shields
  6093 | D:7      | Reached skill level 1 in Long Blades
  6269 | D:7      | Found a snail-covered altar of Cheibriados.
  6269 | D:7      | Found a faded altar of an unknown god.
  6276 | D:7      | Found a faded altar of an unknown god.
  6278 | D:7      | Found an iron altar of Okawaru.
  6280 | D:7      | Found a hazy altar of Hepliaklqana.
  7233 | D:8      | Found Cynih's Demolitions Depot.
  7265 | D:8      | Noticed Grum
  7317 | D:8      | Killed Grum
  7588 | D:8      | You fall into a shaft and drop 3 floors!
  7598 | D:11     | Mangled by an orc warrior

Illustrated notes

Levels and vault maps discovered:
D:1:      eino_arrival_tree_alley, layout_basic, serial_glass, glass_columns_a,
          glass_columns_c, wad_woods_river_04
D:2:      layout_loops_corners, old_standard_altar, overflow_temple_1_default,
          old_standard_altar, minmay_pentomino_s2
D:3:      layout_basic, uniq_robin
D:4:      layout_loops_ring, uniq_blork_the_orc, uniq_sigmund
D:5:      layout_basic, gammafunk_ghost_mausoleum
D:6:      layout_loops_corners, kennysheep_mini_moat,
          kennysheep_decorative_pillar
D:7:      cheibrodos_steamvent, layout_loops_corners, minitemple,
          chequers_temple_overflow_minitemple, minmay_temple_entry_crystal_x,
          minmay_splitting_lines, grunt_ministairs_10
D:8:      layout_basic, lemuel_round_altar, dpeg_lair_monsters,
          nicolae_blasting_shop, uniq_grum
D:11:     layout_roguey

Skill      XL: |  1  2  3  4  5  6  7  8  9 |
---------------+----------------------------+-----
Shields        | 3 4 5 |  5.4
Dodging        | 3 4 5 |  5.7
Unarmed Combat | 3 4 5 6 7 8 |  8.2
Fighting       | 3 4 |  4.5
Stealth        | 1 |  1.2
Long Blades    | 2 |  2.9

Action                   |  1- 3 |  4- 6 |  7- 9 || total
-------------------------+-------+-------+-------++-------
Melee: Unarmed           |   121 |   140 |   240 ||   501
       Long sword        |       |       |   114 ||   114
Armor: Robe              |    34 |    36 |    75 ||   145
Dodge: Dodged            |    43 |    40 |   137 ||   220
Block: Kite shield       |    67 |    74 |   185 ||   326
       Rpst.: Long sword |       |       |    17 ||    17

Table legend: (Time is in decaauts)
 A = Elapsed time spent in this place.
 B = Non-inter-level travel time spent in this place.
 C = Inter-level travel time spent in this place.
 D = Time resting spent in this place.
 E = Time spent auto-exploring this place.
 F = Levels seen in this place.
 G = Mean time per level.
                   A        B        C        D        E       F      G
               +--------+--------+--------+--------+--------+-----+--------+
         Total |   7720 |   7720 |      0 |    677 |   4349 |   9 |  857.8 |
       Dungeon |   7720 |   7720 |      0 |    677 |   4349 |   9 |  857.8 |
               +--------+--------+--------+--------+--------+-----+--------+

Top non-repeatable levels by time:
     D:7: 1786 daAuts
     D:1: 1225 daAuts
     D:2: 1194 daAuts
     D:6: 918 daAuts
     D:4: 829 daAuts
     D:3: 768 daAuts
     D:5: 591 daAuts
     D:8: 394 daAuts
    D:11: 12 daAuts
